MLB
BALTIMORE ORIOLES @ HOUSTON ASTROS
06/19/2098
 
TOP OF THE 1ST
Baltimore Orioles batting - Pitching for Houston Astros : RHP Jon Daugherty
Pitching: RHP Jon Daugherty
Batting: LHB Jeremy Marshall 0-0: Foul Ball, location: 2F
0-1: Foul Ball, location: 2F
0-2: Ball
1-2: Ball
2-2: Strikes out swinging
Batting: LHB Jerry Peterson 0-0: Fly out, F8 (Flyball, 78M, EV 89.4 MPH)
Batting: RHB Eduardo Lopez 0-0: Called Strike
0-1: Swinging Strike
0-2: Fly out, F9 (Flyball, 89M, EV 100.6 MPH)
Top of the 1st over - 0 runs, 0 hits, 0 errors, 0 left on base; Baltimore 0 - Houston 0
BOTTOM OF THE 1ST
Houston Astros batting - Pitching for Baltimore Orioles : RHP Chris Sable
Pitching: RHP Chris Sable
Batting: RHB Sterling Lentz 0-0: Foul Ball, location: 2F
0-1: Fly out, F9 (Flyball, 89S, EV 93.8 MPH)
Batting: LHB Aaron Bruckerhoff 0-0: Ball
1-0: Called Strike
1-1: Ground out U3 (Groundball, 3, EV 103.8 MPH)
Batting: LHB Alex Perez 0-0: Foul Ball, location: 7LSF
0-1: Called Strike
0-2: Ball
1-2: Foul Ball, location: 7LSF
1-2: SINGLE (Line Drive, 9LS, EV 109.4 MPH)
Batting: RHB Jeff Cinnamon 0-0: Swinging Strike
0-1: Swinging Strike
0-2: Foul Ball, location: 2RF
0-2: Strikes out swinging
Bottom of the 1st over - 0 runs, 1 hit, 0 errors, 1 left on base; Baltimore 0 - Houston 0
TOP OF THE 2ND
Baltimore Orioles batting - Pitching for Houston Astros : RHP Jon Daugherty
Batting: RHB Jonathan Skye 0-0: Swinging Strike
0-1: Foul Ball, location: 3F
0-2: Ball
1-2: Foul Ball, location: 7LSF
1-2: Ball
2-2: Ball
3-2: Strikes out swinging
Batting: LHB Kenny West 0-0: Fly out, F5 (Popup, 25F, EV 81.3 MPH)
Batting: LHB Dave Schwabe 0-0: Called Strike
0-1: Ball
1-1: SINGLE (Groundball, 34D, EV 105.0 MPH)
Batting: RHB Victor Rojas 0-0: Ground out 4-3 (Groundball, 4MS, EV 67.5 MPH)
Top of the 2nd over - 0 runs, 1 hit, 0 errors, 1 left on base; Baltimore 0 - Houston 0
BOTTOM OF THE 2ND
Houston Astros batting - Pitching for Baltimore Orioles : RHP Chris Sable
Batting: RHB Kyle Stewart 0-0: Called Strike
0-1: Swinging Strike
0-2: DOUBLE (Groundball, 5L, EV 102.5 MPH)
Batting: LHB Roy Lazzaro 0-0: Called Strike
0-1: Called Strike
0-2: Ball
1-2: Fly out, F7 (Line Drive, 7, EV 110.0 MPH)
Batting: RHB Matt Carocci 0-0: Ball
1-0: Swinging Strike
1-1: Ball
2-1: Ball
3-1: Base on Balls
Batting: LHB Josh Otis 0-0: SINGLE (Line Drive, 34, EV 95.0 MPH)
Kyle Stewart to third
Matt Carocci to second
Batting: LHB Pat Mueller 0-0: Ball
1-0: Called Strike
1-1: Called Strike
1-2: Strikes out swinging
Batting: RHB Sterling Lentz 0-0: Ball
1-0: Called Strike
1-1: Ball
2-1: Fly out, F8 (Flyball, 8RD, EV 91.9 MPH)
Bottom of the 2nd over - 0 runs, 2 hits, 0 errors, 3 left on base; Baltimore 0 - Houston 0
TOP OF THE 3RD
Baltimore Orioles batting - Pitching for Houston Astros : RHP Jon Daugherty
Batting: RHB Danny Haner 0-0: Ball
1-0: Foul Ball, location: 2F
1-1: Ball
2-1: Ball
3-1: Base on Balls
Batting: RHB Ed Pollock 0-0: Bunted foul
0-1: Sac Bunt to 13 - play at first, batter OUT! 1-3
Danny Haner to second
Batting: LHB Jeremy Marshall 0-0: Ball
1-0: Foul Ball, location: 2F
1-1: Foul Ball, location: 2F
1-2: DOUBLE (Line Drive, 9LM, EV 96.9 MPH)
Danny Haner scores
Batting: LHB Jerry Peterson 0-0: Called Strike
0-1: Swinging Strike
0-2: Ground out 4-3 (Groundball, 4S, EV 90.6 MPH)
Jeremy Marshall to third
Batting: RHB Eduardo Lopez 0-0: Ball
1-0: Ball
2-0: Called Strike
2-1: Ball
3-1: Base on Balls
Batting: RHB Jonathan Skye 0-0: Ball
1-0: Ground out 4-3 (Groundball, 4, EV 107.5 MPH)
Top of the 3rd over - 1 run, 1 hit, 0 errors, 2 left on base; Baltimore 1 - Houston 0
BOTTOM OF THE 3RD
Houston Astros batting - Pitching for Baltimore Orioles : RHP Chris Sable
Batting: LHB Aaron Bruckerhoff 0-0: Foul Ball, location: 2F
0-1: Swinging Strike
0-2: Ball
1-2: Foul Ball, location: 25FF
1-2: Ball
2-2: SINGLE (Line Drive, 9S, EV 92.5 MPH)
Batting: LHB Alex Perez 0-0: Called Strike
0-1: Ball
1-1: Called Strike
1-2: Strikes out swinging
Batting: RHB Jeff Cinnamon 0-0: Swinging Strike
0-1: Foul Ball, location: 9LSF
0-2: Grounds into double play, 6-4-3 (Groundball, 6, EV 88.8 MPH)
Bottom of the 3rd over - 0 runs, 1 hit, 0 errors, 0 left on base; Baltimore 1 - Houston 0
TOP OF THE 4TH
Baltimore Orioles batting - Pitching for Houston Astros : RHP Jon Daugherty
Batting: LHB Kenny West 0-0: Called Strike
0-1: Ball
1-1: Ball
2-1: Fly out, F9 (Flyball, 9LSF, EV 89.4 MPH)
Batting: LHB Dave Schwabe 0-0: Ground out 4-3 (Groundball, 4D, EV 95.6 MPH)
Batting: RHB Victor Rojas 0-0: Ball
1-0: Ball
2-0: Ball
3-0: Called Strike
3-1: Fly out, F9 (Flyball, 9LSF, EV 90.6 MPH)
Top of the 4th over - 0 runs, 0 hits, 0 errors, 0 left on base; Baltimore 1 - Houston 0
BOTTOM OF THE 4TH
Houston Astros batting - Pitching for Baltimore Orioles : RHP Chris Sable
Batting: RHB Kyle Stewart 0-0: Ball
1-0: Called Strike
1-1: Foul Ball, location: 5FF
1-2: Ball
2-2: Foul Ball, location: 9LSF
2-2: Foul Ball, location: 9LMF
2-2: Foul Ball, location: 9LDF
2-2: Strikes out swinging
Batting: LHB Roy Lazzaro 0-0: Ball
1-0: Called Strike
1-1: Ball
2-1: Fly out, F7 (Flyball, 78S, EV 81.9 MPH)
Batting: RHB Matt Carocci 0-0: Called Strike
0-1: Swinging Strike
0-2: Strikes out swinging
Bottom of the 4th over - 0 runs, 0 hits, 0 errors, 0 left on base; Baltimore 1 - Houston 0
TOP OF THE 5TH
Baltimore Orioles batting - Pitching for Houston Astros : RHP Jon Daugherty
Batting: RHB Danny Haner 0-0: Ball
1-0: Ground out 5-3 (Groundball, 56S, EV 85.6 MPH)
Batting: RHB Ed Pollock 0-0: Called Strike
0-1: Foul Ball, location: 2F
0-2: Ball
1-2: Ball
2-2: Ball
3-2: Fly out, F8 (Flyball, 89D, EV 96.9 MPH)
Batting: LHB Jeremy Marshall 0-0: Ball
1-0: Foul Ball, location: 23F
1-1: Ball
2-1: Fly out, F6 (Popup, 4M, EV 62.5 MPH)
Top of the 5th over - 0 runs, 0 hits, 0 errors, 0 left on base; Baltimore 1 - Houston 0
BOTTOM OF THE 5TH
Houston Astros batting - Pitching for Baltimore Orioles : RHP Chris Sable
Batting: LHB Josh Otis 0-0: Ball
1-0: Called Strike
1-1: Ball
2-1: Ball
3-1: Called Strike
3-2: Fly out, F9 (Flyball, 9, EV 87.5 MPH)
Batting: LHB Pat Mueller 0-0: Called Strike
0-1: Fly out, F7 (Flyball, 78M, EV 93.1 MPH)
Batting: RHB Sterling Lentz 0-0: Called Strike
0-1: Ball
1-1: Fly out, F9 (Flyball, 9LSF, EV 96.3 MPH)
Bottom of the 5th over - 0 runs, 0 hits, 0 errors, 0 left on base; Baltimore 1 - Houston 0
TOP OF THE 6TH
Baltimore Orioles batting - Pitching for Houston Astros : RHP Jon Daugherty
Batting: LHB Jerry Peterson 0-0: Called Strike
0-1: Called Strike
0-2: Ball
1-2: Ball
2-2: SINGLE (Groundball, 4MD, EV 102.5 MPH)
Batting: RHB Eduardo Lopez 0-0: Foul Ball, location: 9LMF
0-1: Foul Ball, location: 2F
0-2: Ball
1-2: Strikes out looking
Batting: RHB Jonathan Skye 0-0: DOUBLE (Line Drive, 78D, EV 104.4 MPH)
Jerry Peterson to third
Runner from 3rd tries for Home, SAFE, throw by LF to home
Batting: LHB Kenny West 0-0: Fly out, F6 (Popup, 6, EV 75.6 MPH)
Batting: LHB Dave Schwabe 0-0: Ball
1-0: Ball
2-0: Called Strike
2-1: Ball
3-1: Ground out 4-3 (Groundball, 4, EV 84.4 MPH)
Top of the 6th over - 1 run, 2 hits, 0 errors, 1 left on base; Baltimore 2 - Houston 0
BOTTOM OF THE 6TH
Houston Astros batting - Pitching for Baltimore Orioles : RHP Chris Sable
Batting: LHB Aaron Bruckerhoff 0-0: Ball
1-0: Called Strike
1-1: Ball
2-1: Called Strike
2-2: Foul Ball, location: 2F
2-2: Strikes out swinging
Batting: LHB Alex Perez 0-0: Called Strike
0-1: Ball
1-1: Swinging Strike
1-2: Ball
2-2: Ball
3-2: Strikes out swinging
Batting: RHB Jeff Cinnamon 0-0: Ball
1-0: Foul Ball, location: 5F
1-1: Ball
2-1: Called Strike
2-2: Foul Ball, location: 9LMF
2-2: Ball
3-2: Foul Ball, location: 3SF
3-2: Base on Balls
Batting: RHB Kyle Stewart 0-0: Ball
1-0: Swinging Strike
1-1: Called Strike
1-2: Ball
2-2: Strikes out looking
Bottom of the 6th over - 0 runs, 0 hits, 0 errors, 1 left on base; Baltimore 2 - Houston 0
TOP OF THE 7TH
Baltimore Orioles batting - Pitching for Houston Astros : RHP Jon Daugherty
Batting: RHB Victor Rojas 0-0: SOLO HOME RUN (Flyball, 89XD, EV 110.6 MPH), Distance : 422 ft
Batting: RHB Danny Haner 0-0: Swinging Strike
0-1: Fly out, F6 (Popup, 6MS, EV 68.1 MPH)
Batting: RHB Ed Pollock 0-0: Swinging Strike
0-1: Ball
1-1: Ball
2-1: Ball
3-1: Ground out 5-3 (Groundball, 5, EV 86.3 MPH)
Batting: LHB Jeremy Marshall 0-0: Ball
1-0: Called Strike
1-1: Swinging Strike
1-2: Foul Ball, location: 7LDF
1-2: Strikes out swinging
Top of the 7th over - 1 run, 1 hit, 0 errors, 0 left on base; Baltimore 3 - Houston 0
BOTTOM OF THE 7TH
Houston Astros batting - Pitching for Baltimore Orioles : RHP Chris Sable
Batting: LHB Roy Lazzaro 0-0: Called Strike
0-1: Foul Ball, location: 9LSF
0-2: Strikes out swinging
Batting: RHB Matt Carocci 0-0: Ball
1-0: Fly out, F4 (Popup, 34, EV 75.0 MPH)
Batting: LHB Josh Otis 0-0: Ball
1-0: Ball
2-0: Fly out, F5 (Popup, 56S, EV 75.6 MPH)
Bottom of the 7th over - 0 runs, 0 hits, 0 errors, 0 left on base; Baltimore 3 - Houston 0
TOP OF THE 8TH
Baltimore Orioles batting - Pitching for Houston Astros : RHP Jon Daugherty
Batting: LHB Jerry Peterson 0-0: Ball
1-0: Ball
2-0: Ball
3-0: Base on Balls
Batting: RHB Eduardo Lopez 0-0: Ball
1-0: Grounds into double play, 5-4-3 (Groundball, 5S, EV 83.1 MPH)
Batting: RHB Jonathan Skye 0-0: Called Strike
0-1: Ball
1-1: Ball
2-1: Ball
3-1: Base on Balls
Pitching: RHP Vince Geiger
Batting: LHB Kenny West 0-0: Called Strike
0-1: Swinging Strike
0-2: Ball
1-2: Strikes out looking
Top of the 8th over - 0 runs, 0 hits, 0 errors, 1 left on base; Baltimore 3 - Houston 0
BOTTOM OF THE 8TH
Houston Astros batting - Pitching for Baltimore Orioles : RHP Chris Sable
Pitching: RHP Roger Diaz
Batting: LHB Pat Mueller 0-0: Ball
1-0: Ball
2-0: Called Strike
2-1: Swinging Strike
2-2: SINGLE (Line Drive, 34D, EV 99.4 MPH)
Batting: RHB Sterling Lentz 0-0: Ball
1-0: Called Strike
1-1: Ball
2-1: Ball
3-1: Swinging Strike
3-2: Strikes out looking
Batting: LHB Aaron Bruckerhoff 0-0: Swinging Strike
0-1: Called Strike
0-2: Ball
1-2: Ball
2-2: Strikes out swinging
Batting: LHB Alex Perez 0-0: Fly out, F5 (Popup, 25F, EV 81.9 MPH)
Bottom of the 8th over - 0 runs, 1 hit, 0 errors, 1 left on base; Baltimore 3 - Houston 0
TOP OF THE 9TH
Baltimore Orioles batting - Pitching for Houston Astros : RHP Vince Geiger
Batting: LHB Dave Schwabe 0-0: Foul Ball, location: 2F
0-1: Swinging Strike
0-2: Foul Ball, location: 5SF
0-2: Strikes out swinging
Batting: RHB Victor Rojas 0-0: Ball
1-0: Called Strike
1-1: Ball
2-1: SINGLE (Line Drive, 3D, EV 96.3 MPH)
Batting: RHB Danny Haner 0-0: Ball
1-0: Swinging Strike
1-1: SINGLE (Groundball, P, EV 90.0 MPH) (infield hit)
Victor Rojas to second
Pinch Hitting: LHB Nate Wagner 0-0: Ball
1-0: Ball
2-0: Ball
3-0: Fly out, F7 (Flyball, 7, EV 93.1 MPH)
Batting: LHB Jeremy Marshall 0-0: Ground out U3 (Groundball, 3, EV 86.9 MPH)
Top of the 9th over - 0 runs, 2 hits, 0 errors, 2 left on base; Baltimore 3 - Houston 0
BOTTOM OF THE 9TH
Houston Astros batting - Pitching for Baltimore Orioles : RHP Roger Diaz
Now at SS: Lee Board
Now in CF: Danny Haner
Now in RF: Rafael Garza
Batting: RHB Jeff Cinnamon 0-0: Swinging Strike
0-1: Ball
1-1: Ball
2-1: Ball
3-1: SINGLE (Groundball, 6MD, EV 102.5 MPH)
Batting: RHB Kyle Stewart 0-0: Ball
1-0: Foul Ball, location: 2F
1-1: Ball
2-1: Ball
3-1: DOUBLE (Groundball, 5L, EV 101.9 MPH)
Jeff Cinnamon to third
Batting: LHB Roy Lazzaro 0-0: Ball
1-0: Ball
2-0: Called Strike
2-1: Called Strike
2-2: Fly out, F9 (Flyball, 9, EV 93.8 MPH)
Pitching: RHP Brent Brzezinski
Batting: RHB Matt Carocci 0-0: Ball
1-0: Swinging Strike
1-1: Called Strike
1-2: Ball
2-2: Foul Ball, location: 5DF
2-2: Strikes out swinging
Batting: LHB Josh Otis 0-0: Called Strike
0-1: Ball
1-1: Ball
2-1: Ball
3-1: Base on Balls
Batting: LHB Pat Mueller 0-0: Swinging Strike
0-1: Ball
1-1: Ball
2-1: Foul Ball, location: 7LMF
2-2: Strikes out swinging
Bottom of the 9th over - 0 runs, 2 hits, 0 errors, 3 left on base; Baltimore 3 - Houston 0
Sunday, April 7th , 2024 - OOTP Baseball 24.11 Build 85